 Dungeon Crawl Stone Soup version 0.31.0-12-g77e489cdc1 (webtiles) character file.

Game seed: 4319564483663700588

1266 wildpjah the Digger (level 8, 0/41 HPs)
             Began as a Gargoyle Earth Elementalist on Feb 13, 2024.
             Was an Initiate of Gozag.
             Slain by a sleepcap (4 damage)
             ... on level 6 of the Dungeon.
             The game lasted 00:12:45 (5681 turns).

wildpjah the Digger (Gargoyle Earth Elementalist)   Turns: 5681, Time: 00:12:46

Health: 0/41       AC: 12    Str:  8    XL:     8   Next: 52%
Magic:  7/16       EV: 10    Int: 18    God:    Gozag
Gold:   789        SH:  5    Dex: 13    Spells: 10/18 levels left

rFire   + . .        G - +7 quarterstaff of the Fortifying Gods {drain, rC+ rN+ Str-4 Dex+3}
rCold   . . .        (shield currently unavailable)
rNeg    + + .        B - +0 ring mail
rPois   ∞            (no helmet)
rElec   +            (no cloak)
rCorr   .            m - +0 pair of gloves
SInv    .            u - +0 pair of boots
Will    .....        z - amulet of reflection
Stlth   +            q - ring of fire
HPRegen 0.26/turn    t - ring of wizardry
MPRegen 0.15/turn

%: reflection, wizardry (x1)
@: gold aura, very slightly contaminated
A: sickness immunity, AC +5, negative energy resistance 1, electricity
resistance, torment resistance 1, petrification resistance
a: Renounce Religion, Potion Petition, Call Merchant, Bribe Branch


You were on level 6 of the Dungeon.
You worshipped Gozag.
Gozag was pleased with you.
You visited 2 branches of the dungeon, and saw 7 of its levels.

You collected 815 gold pieces.
You paid 26 gold pieces to Gozag.

Inventory:

Hand Weapons
 d - a +2 dagger of venom
 G - the +7 quarterstaff of the Fortifying Gods (weapon) {drain, rC+ rN+ Str-4 Dex+3}
   (You found it on level 5 of the Dungeon)

   Str-4:     It affects your strength (-4).
   Dex+3:     It affects your dexterity (+3).
   rC+:       It protects you from cold.
   rN+:       It protects you from negative energy.
Missiles
 x - 18 stones
Armour
 a - a +0 robe
 m - a +0 pair of gloves (worn)
 u - a +0 pair of boots (worn)
 v - a +0 scale mail
 A - an orb of guile
 B - a +0 ring mail (worn)
Jewellery
 q - a ring of fire (left hand)
 r - an amulet of guardian spirit
 t - a ring of wizardry (right hand)
 z - an amulet of reflection (around neck)
 H - the amulet of Kiosa {RegenMP *Slow +Inv rF- Will+++}
   (You took it off a kobold on level 5 of the Dungeon)

   [amulet of magic regeneration]

   RegenMP:   It increases your rate of magic regeneration.
   rF-:       It makes you vulnerable to fire.
   Will+++:   It greatly increases your willpower.
   +Inv:      It lets you turn invisible.
   *Slow:     It may slow you when you take damage.
Wands
 D - a wand of charming (9)
Scrolls
 i - 5 scrolls of identify {unknown}
 p - 2 scrolls of immolation
 y - a scroll of vulnerability {unknown}
 F - 3 scrolls of amnesia {unknown}
 K - a scroll of brand weapon {unknown}
Potions
 b - 3 potions of magic
 e - a potion of mutation {unknown}
 f - 2 potions of haste {unknown}
 g - 2 potions of invisibility {unknown}
 k - a potion of curing {unknown}
 l - a potion of berserk rage {unknown}
 s - a potion of enlightenment {unknown}
 C - a potion of degeneration {unknown}
 E - a potion of attraction {unknown}
 I - a potion of brilliance {unknown}
 J - a potion of heal wounds {unknown}


   Skills:
 + Level 0.1 Fighting
 + Level 1.2 Staves
 + Level 1.2 Armour
 + Level 1.9 Dodging
 + Level 2.2 Stealth
 + Level 0.1 Shields
 + Level 5.6 Spellcasting
 * Level 4.1 Conjurations
 * Level 3.0 Fire Magic
 + Level 7.9 Earth Magic


You had 10 spell levels left.
You knew the following spells:

 Your Spells              Type           Power      Damage    Failure   Level
a - Sandblast             Erth           66%        2d15      1%          1
b - Stone Arrow           Conj/Erth      52%        3d10      4%          3
c - Flame Wave            Conj/Fire      26%        2d8       32%         4

Your spell library contained the following spells:

 Spells                   Type           Power      Damage    Failure   Level
 Passwall                 Erth           33%        N/A       1%          3
 Brom's Barrelling Bould  Conj/Erth      26%        2d5       12%         4
 Hailstorm                Conj/Ice       12%        3d6       19%         3
 Inner Flame              Hex/Fire       15%        N/A       24%         3
 Petrify                  Alch/Erth      19%        N/A       28%         4
 Summon Ice Beast         Ice/Summ       5%         N/A       38%         3
 Sticky Flame             Fire/Alch      15%        2d5       58%         4
 Sculpt Simulacrum        Ice/Alch       2%         N/A       100%        6


Dungeon Overview and Level Annotations

Branches:
Dungeon (6/15)             Temple (1/1) D:6

Altars:
Ashenzari
Elyvilon
Fedhas
Gozag
Hepliaklqana
Kikubaaqudgha
Makhleb
Okawaru
Qazlal
Ru
Sif Muna
Trog
Uskayaw
Xom
Yredelemnul
Zin
The Shining One

Shops:
D:2 (   D:4 (


Innate Abilities, Weirdness & Mutations

You are immune to sickness and miasma.
Your stone body is resilient. (AC +5)
You are immune to poison.
You resist negative energy. (rN+)
You are resistant to electric shocks. (rElec)
You are resistant to unholy torment.
You are immune to petrification.


Message History

* * * LOW HITPOINT WARNING * * *
As you read the scroll labelled QEAGABB XAKKU, it crumbles to dust.
You assume a fearsome visage.
The orc warrior looks frightened!
It was a scroll of fear.
As you read the scroll labelled ISELEUQIWN, it crumbles to dust.
It is a scroll of enchant weapon.
Your +1 dagger of venom glows red for a moment.
As you read the scroll labelled IKHLOFFAKUM, it crumbles to dust.
You hear a loud clanging noise!
It was a scroll of noise.
You hear a shout! x9; You hear an angry hiss. x2
Cornered, the orc warrior turns to fight!
You block the sleepcap's attack.
The air fills with toxic fumes!
As you read the scroll labelled DOYPNO IHADA, it crumbles to dust.
It was a scroll of poison.
The sleepcap barely misses you.
As you read the scroll labelled LOSHRI MY DEO, it crumbles to dust.
You feel aware of your surroundings.
It was a scroll of revelation.
The orc wizard is engulfed in poison gas.
The orc wizard is poisoned.
You kill the orc wizard!
Reactivating autopickup.
You block the sleepcap's attack.
As you read the scroll labelled FIFIMANEUHU, it crumbles to dust.
The creatures around you are filled with an inner flame!
It was a scroll of immolation.
The sleepcap closely misses you.
As you read the scroll labelled QOZYEN WUITUPU, it crumbles to dust.
You feel a surge of unholy energy.
The orc warrior convulses!
Flame seeps out of the orc warrior.
It was a scroll of torment.
The orc warrior is engulfed in blazing flames.
The orc warrior explodes!
The fiery explosion engulfs the centaur!!
The centaur explodes!
The fiery explosion engulfs the sleepcap!
Flame seeps out of the sleepcap.
The sleepcap is heavily damaged.
The sleepcap is engulfed in blazing flames.
Flame seeps out of the sleepcap.
The sleepcap releases spores at you.
You die...
Your body crumbles into a pile of gold.

**,,,,,,,,.................##.###
*,,,,,,,..§§§§§......#..#P#...#P
**,,,,,,,...§§§§.....###.....>...
*,,,,,**,####§§§#[..§§§§..P#...#P
,,,,****,####§§§###§§§§#...##.###
,**,,***,####.§§§§#§§§§#....P.P#
,**,,,,,,#....#§§§§§§§##.......#
,*,,,,,,.#....#§§§§§##........##
,,,,,,,,......##@##.#..#......##
*,,,,,,,......##f#.............##
**,,,,,,.......§§§.........#.....
**,,,,,,......§#○#.........#.....
,,,,,,,,.....§####§§#.....##.....
,,,,,,,,....§§##...§§.....#......
,,,,,,,,...§§..#...§§§...........
,,,,,,,,..§#........§§§..........
,***,,,,...#**,,,,,........<....#


You could see a sleepcap (inner flame).

Vanquished Creatures
  Edmund (D:5)
  An orc warrior (D:6)
  A phantom (D:5)
  A centaur (D:6)
  A kobold brigand (D:5)
  A scorpion (D:4)
  3 wights (D:5)
  A bombardier beetle (D:5)
  4 jellies (D:5)
  7 hounds
  An orc priest (D:5)
  2 gnoll boudas (D:5)
  An iguana (D:5)
  3 orc wizards
  4 gnolls (D:5)
  10 adders
  A dart slug (D:2)
  13 orcs
  9 ball pythons
  4 endoplasms
  4 giant cockroaches
  7 goblins
  12 hobgoblins
  2 jackals (D:1)
  11 kobolds
  2 quokkas
  5 bats
  5 frilled lizards
  8 rats
125 creatures vanquished.

Notes
Turn   | Place    | Note
-------+----------+-------------------------------------------
     0 | D:1      | wildpjah the Gargoyle Earth Elementalist began the quest
                  | for the Orb.
     0 | D:1      | Reached XP level 1. HP: 10/10 MP: 3/3
   174 | D:1      | Reached XP level 2. HP: 15/15 MP: 0/5
   249 | D:1      | Reached skill level 4 in Earth Magic
   785 | D:2      | Reached XP level 3. HP: 17/19 MP: 2/6
  1487 | D:2      | Found Xuneatokyppy's Weapon Emporium.
  1492 | D:2      | Reached skill level 5 in Earth Magic
  1492 | D:2      | Reached XP level 4. HP: 24/24 MP: 6/8
  1586 | D:2      | Found an opulent altar of Gozag.
  1592 | D:2      | Became a worshipper of Gozag Ym Sagoz the Greedy
  1964 | D:3      | Found a broken altar of Ashenzari.
  2001 | D:3      | Reached XP level 5. HP: 28/28 MP: 7/9
  2060 | D:3      | Found a sacrificial altar of Ru.
  2096 | D:3      | Found a hide-covered altar of Uskayaw.
  2098 | D:3      | Noticed a +0 dagger
  2098 | D:3      | Noticed a +0 dagger
  2127 | D:3      | Learned a level 3 spell: Stone Arrow
  2282 | D:3      | Found a faded altar of an unknown god.
  2289 | D:3      | Reached skill level 6 in Earth Magic
  3242 | D:4      | Learned a level 4 spell: Flame Wave
  3293 | D:4      | Found Gamy's Antique Weapon Shoppe.
  3821 | D:4      | Reached XP level 6. HP: 32/32 MP: 6/11
  4110 | D:5      | Entered Level 5 of the Dungeon
  4135 | D:5      | Identified the +7 quarterstaff of the Fortifying Gods
                  | {drain, rC+ rN+ Str-4 Dex+3}
  4191 | D:5      | Reached skill level 1 in Fire Magic
  4237 | D:5      | Identified the amulet of Kiosa {RegenMP *Slow +Inv rF-
                  | Will+++}
  4244 | D:5      | Reached XP level 7. HP: 36/36 MP: 9/13
  4444 | D:5      | Noticed Edmund
  4451 | D:5      | Killed Edmund
  4452 | D:5      | Reached skill level 5 in Spellcasting
  4452 | D:5      | Reached skill level 7 in Earth Magic
  4849 | D:5      | Reached XP level 8. HP: 41/41 MP: 6/15
  4852 | D:5      | Reached skill level 1 in Staves
  5137 | D:5      | Reached skill level 1 in Armour
  5163 | D:5      | Found a shimmering altar of Xom.
  5163 | D:5      | Found a stormy altar of Qazlal.
  5165 | D:5      | Found a blossoming altar of Fedhas.
  5409 | D:5      | Found a bloodstained altar of Trog.
  5608 | D:6      | Found a staircase to the Ecumenical Temple.
  5644 | Temple   | Entered the Ecumenical Temple
  5674 | D:6      | HP: 2/41 [orc warrior/+0 glaive (4)]
  5681 | D:6      | Slain by a sleepcap

Illustrated notes

Levels and vault maps discovered:
D:1:      sevenhm_arrival_forest_fort_large_4, layout_rooms, minmay_distorted
D:2:      layout_loops_corners, serial_shops, shop, basic_altar,
          minmay_strange_pillars
D:3:      wad_river_or_something, layout_basic, dancing_weapons_uskayaw,
          mainiacjoe_overflow_alcove_2, evilmike_ruin_ashenzari,
          hellmonk_ecumenical_altar_arch_garden
D:4:      layout_loops_corners, serial_shops, shop, columned_hall_lemuel
D:5:      layout_loops_ring, trog_book, minitemple, kennysheep_generic_room_7,
          uniq_edmund
D:6:      layout_cave_pools, minmay_temple_entry_gardened_gates
Temple:   hellmonk_temple_flake

Skill      XL: |  1  2  3  4  5  6  7  8 |
---------------+-------------------------+-----
Earth Magic    | 4 5 6 7 |  7.9
Spellcasting   | 3 4 5 |  5.6
Conjurations   | 2 3 4 |  4.1
Fire Magic     | 1 2 3 |  3.0
Staves         | 1 |  1.2
Armour         | 1 |  1.2
Fighting       | |  0.1
Dodging        | |  1.9
Stealth        | |  2.2
Shields        | |  0.1

Action                     |  1- 3 |  4- 6 |  7- 9 || total
---------------------------+-------+-------+-------++-------
  Melee: Dagger            |     1 |       |       ||     1
         Quarterstaff      |       |     1 |    22 ||    23
   Cast: Sandblast         |    42 |    86 |    53 ||   181
         Stone Arrow       |       |       |     9 ||     9
    Use: Scroll            |       |       |     7 ||     7
 Armour: Robe              |     5 |    10 |       ||    15
         Ring mail         |       |     3 |    50 ||    53
  Dodge: Dodged            |    10 |     9 |    34 ||    53
  Block: Other             |       |     4 |    11 ||    15
         Reflection        |       |     1 |     1 ||     2
